AoeStats
← 文風

Arena

506403179Analyzed
4v4 RM · 20d ago on Sep 13, 2026· 52m 56s· 8 players
Game mode
Random Map
Map size
Large (8 player)
Population
200
Speed
Normal
Resources
Standard
Victory
Conquest
Starting age
Dark Age
Ending age
Imperial Age
RankedLock teamsTeams togetherTeam positionsShared explorationLock speedFull tech treeHidden civsTurbo modeCheats
Victory
Defeat
🇦🇿 Poles · Azerbaijan
1422
+14
🇩🇪 Gurjaras · Germany
1352
+17
🇩🇪 Spanish · Germany
1351
+17
🇨🇭 Ethiopians · Switzerland
1303
+19
🇭🇰 Turks · Hong Kong SAR China
1410
-18
🇭🇰 Poles · Hong Kong SAR China
1384
-17
1365
-16
🇭🇰 Saracens · Hong Kong SAR China
1346
-16
Don Rats
5:47 Loom
11:12 Feudal Age
14:57 Castle Age
12:50 Double-Bit Axe
12:48 Horse Collar
13:45 Loom
16:36 Wheelbarrow
17:07 Padded Archer Armor
18:52 Bloodlines
19:00 Gold Mining
31:29 Imperial Age
29:33 Heavy Plow
29:54 Bow Saw
30:27 Leather Archer Armor
30:20 Husbandry
34:30 Stone Mining
36:30 Ring Archer Armor
36:33 Hand Cart
36:57 Conscription
36:52 Elite Conquistador
40:40 Stone Shaft Mining
42:13 Fortified Wall
42:49 Scale Mail Armor
43:00 Forging
42:46 Pikeman
43:26 Squires
43:12 Arson
43:47 Chain Mail Armor
43:22 Halberdier
46:16 Plate Mail Armor
46:22 Iron Casting
48:07 Bow Saw
48:04 Capped Ram
49:30 Siege Ram
51:00 Onager
try [H A R D]
10:30 Feudal Age
14:07 Castle Age
12:09 Double-Bit Axe
12:14 Horse Collar
15:54 Wheelbarrow
15:37 Fletching
16:01 Gold Mining
17:38 Loom
18:00 Bodkin Arrow
20:07 Crossbowman
27:40 Ballistics
29:53 Imperial Age
29:24 Bow Saw
29:58 Arbalester
30:41 Bracer
30:52 Scale Mail Armor
32:07 Thumb Ring
34:47 Chemistry
33:48 Padded Archer Armor
34:59 Squires
35:58 Chain Mail Armor
35:54 Forging
37:14 Plate Mail Armor
37:18 Heavy Plow
38:19 Two-Man Saw
38:18 Halberdier
39:37 Hand Cart
39:08 Town Watch
40:43 Iron Casting
40:47 Siege Engineers
41:30 Gold Shaft Mining
44:12 Blast Furnace
45:04 Conscription
47:36 Torsion Engines
48:25 Leather Archer Armor
我放了个屁她顺风追了
11:09 Feudal Age
12:41 Double-Bit Axe
15:12 Castle Age
13:13 Horse Collar
15:18 Wheelbarrow
16:55 Bow Saw
17:19 Heavy Plow
20:40 Loom
26:26 Imperial Age
24:20 Gold Mining
25:00 Szlachta Privileges
25:14 Husbandry
25:31 Forging
25:55 Bloodlines
26:24 Scale Barding Armor
27:37 Iron Casting
26:32 Cavalier
27:35 Conscription
28:38 Chain Barding Armor
32:28 Coinage
33:06 Blast Furnace
37:04 Theocracy
36:45 Block Printing
37:19 Fletching
39:24 Fervor
41:08 Light Cavalry
42:56 Winged Hussar
47:33 Lechitic Legacy
49:40 Capped Ram
52:45 Banking
52:15 Caravan
viddie
10:28 Feudal Age
12:02 Double-Bit Axe
12:00 Horse Collar
14:28 Castle Age
14:57 Wheelbarrow
15:41 Bow Saw
23:17 Loom
24:44 Heavy Plow
24:43 Gold Mining
24:41 Town Watch
26:02 Scale Barding Armor
27:23 Gold Shaft Mining
30:52 Imperial Age
29:04 Hand Cart
29:35 Bloodlines
29:46 Chain Barding Armor
30:10 Husbandry
30:23 Forging
31:04 Heavy Camel Rider
34:34 Conscription
36:04 Kshatriyas
36:01 Siege Elephant
36:06 Siege Elephant
39:14 Iron Casting
39:28 Scale Mail Armor
38:50 Elite Chakram Thrower
39:38 Light Cavalry
40:51 Fletching
41:17 Chain Mail Armor
41:27 Bodkin Arrow
43:15 Hussar
47:10 Arson
47:42 Masonry
47:52 Ballistics
48:32 Chemistry
47:35 Bracer
48:06 Plate Mail Armor
48:12 Plate Barding Armor
48:29 Caravan
52:24 Architecture
51:35 Treadmill Crane
專業送分員
10:04 Feudal Age
12:14 Wheelbarrow
14:56 Castle Age
13:11 Double-Bit Axe
13:30 Horse Collar
22:28 Gold Mining
22:46 Scale Barding Armor
24:34 Chain Barding Armor
25:17 Husbandry
26:26 Forging
26:30 Bloodlines
28:00 Hand Cart
33:37 Imperial Age
32:25 Iron Casting
34:59 Conscription
34:02 Heavy Camel Rider
35:47 Gold Shaft Mining
36:25 Plate Barding Armor
36:51 Blast Furnace
46:47 Fletching
46:58 Padded Archer Armor
47:01 Crossbowman
47:48 Thumb Ring
47:48 Bodkin Arrow
47:31 Arbalester
49:59 Ballistics
50:41 Chemistry
51:15 Loom
屌炸天
10:51 Feudal Age
12:49 Double-Bit Axe
15:07 Castle Age
13:54 Horse Collar
21:53 Imperial Age
22:01 Loom
迪恩-伊薩卡-凡爾賽提斯
9:34 Feudal Age
13:15 Castle Age
11:32 Double-Bit Axe
11:36 Horse Collar
19:55 Bow Saw
21:33 Gold Mining
21:36 Stone Mining
23:16 Wheelbarrow
24:25 Hand Cart
24:45 Heavy Plow
26:32 Loom
30:00 Imperial Age
27:50 Scale Barding Armor
27:56 Forging
30:04 Chain Barding Armor
30:20 Iron Casting
30:01 Elite War Elephant
31:54 Two-Man Saw
31:28 Crop Rotation
31:23 Conscription
33:08 Gold Shaft Mining
33:09 Stone Shaft Mining
33:38 Plate Barding Armor
34:03 Blast Furnace
33:05 Husbandry
33:15 Bloodlines
36:26 Devotion
37:29 Faith
38:10 Guilds
38:31 Coinage
40:01 Caravan
46:23 Masonry
文風
11:05 Feudal Age
14:39 Castle Age
12:54 Double-Bit Axe
13:01 Horse Collar
14:25 Loom
22:47 Imperial Age
20:38 Fletching
24:24 Bodkin Arrow
25:45 Wheelbarrow
25:50 Bow Saw
26:53 Bracer
27:30 Ballistics
46:10 Gold Mining
51:15 Elite Skirmisher
51:17 Crossbowman
Connection lost

Rejoining the realm…

Still unreachable

The connection could not be restored.

Session expired

The server has moved on; the page needs a fresh start.